 Dungeon Crawl Stone Soup version 0.31-a0-879-g1609e0ac53 (webtiles) character file.

Game seed: 7288904115541872157

10273 pokeman the Eclecticist (level 11, -6/61 HPs)
             Began as a Deep Elf Hedge Wizard on Oct 13, 2023.
             Was an Elder of Vehumet.
             Killed from afar by a gargoyle (17 damage)
             ... with a stone arrow
             ... on level 11 of the Dungeon on Oct 14, 2023.
             The game lasted 00:37:32 (11843 turns).

pokeman the Eclecticist (Deep Elf Hedge Wizard)    Turns: 11843, Time: 00:37:33

Health: -6/61      AC: 10    Str:  7    XL:     11   Next: 34%
Magic:  23/33      EV: 13    Int: 24    God:    Vehumet [****..]
Gold:   647        SH:  0    Dex: 14    Spells: 29/42 levels left

rFire   . . .        y - +0 trident (venom)
rCold   . . .        (no shield)
rNeg    . . .        n - +1 animal skin
rPois   +            o - +0 helmet
rElec   .            g - +0 cloak
rCorr   .            B - +0 pair of gloves
SInv    .            (no boots)
Will    +....        (no amulet)
Stlth   +++          i - +4 ring of protection
HPRegen 0.30/turn    P - ring of poison resistance
MPRegen 0.23/turn

%: no passive effects
@: on blink cooldown, very slightly contaminated
A: no striking features
a: Renounce Religion


You were on level 11 of the Dungeon.
You worshipped Vehumet.
Vehumet was greatly pleased with you.
You visited 2 branches of the dungeon, and saw 12 of its levels.
You also visited: Ossuary.

You collected 783 gold pieces.
You spent 136 gold pieces at shops.

Inventory:

Hand Weapons
 y - a +0 trident of venom (weapon)
 F - a +2 quarterstaff of chaos
Missiles
 J - a throwing net
 Q - a curare-tipped dart
Armour
 g - a +0 cloak (worn)
 n - a +1 animal skin (worn)
 o - a +0 helmet (worn)
 A - the +1 ring mail of the Evil One {rF- rC+ Int+2}
   (You found it on level 5 of the Dungeon)

   Int+2:     It affects your intelligence (+2).
   rF-:       It makes you vulnerable to fire.
   rC+:       It protects you from cold.
 B - a +0 pair of gloves (worn)
 H - an orb of energy
Magical Staves
 S - a staff of death
Jewellery
 i - a +4 ring of protection (left hand)
 j - a ring of flight
 C - an amulet of guardian spirit
 P - a ring of poison resistance (right hand)
 R - a ring of willpower
Wands
 q - a wand of iceblast (11)
 s - a wand of mindburst (11)
 x - a wand of paralysis (7)
Scrolls
 a - 2 scrolls of vulnerability {unknown}
 c - a scroll of blinking {unknown}
 e - 12 scrolls of identify {unknown}
 k - 2 scrolls of revelation {unknown}
 l - 2 scrolls of fog {unknown}
 m - 4 scrolls of torment {unknown}
 p - 3 scrolls of acquirement {unknown}
 u - 3 scrolls of amnesia {unknown}
 v - a scroll of immolation {unknown}
 w - 2 scrolls of enchant armour {unknown}
 E - 5 scrolls of teleportation {unknown}
 G - 3 scrolls of silence {unknown}
 I - 2 scrolls of noise {unknown}
 M - 3 scrolls of fear {unknown}
Potions
 b - 7 potions of might {unknown}
 d - 3 potions of magic
 f - a potion of mutation {unknown}
 h - 5 potions of curing {unknown}
 r - 3 potions of haste {unknown}
 t - 3 potions of cancellation {unknown}
 z - 6 potions of heal wounds {unknown}
 D - a potion of invisibility {unknown}
 K - a potion of experience {unknown}
 L - 2 potions of lignification {unknown}
 N - 3 potions of brilliance {unknown}
 O - 2 potions of attraction {unknown}
 T - a potion of enlightenment {unknown}


   Skills:
 - Level 4.0 Fighting
 + Level 3.5 Armour
 - Level 3.1 Dodging
 - Level 5.0 Stealth
 - Level 4.0 Shields
 * Level 16.2 Spellcasting
 + Level 9.6 Conjurations
 - Level 1.1 Summonings
 + Level 0.4 Necromancy
 - Level 1.1 Translocations
 - Level 1.0 Transmutations
 - Level 1.0 Air Magic
 - Level 1.0 Poison Magic
 - Level 2.2 Evocations


You had 29 spell levels left.
You knew the following spells:

 Your Spells              Type           Power      Damage    Failure   Level
a - Magic Dart            Conj           100%       1d8       1%          1
b - Mephitic Cloud        Conj/Pois/Air  38%        N/A       1%          3
c - Call Imp              Summ           48%        N/A       2%          2
d - Blink                 Tloc           48%        N/A       2%          2
e - Irradiate             Conj/Tmut      22%        3d19      2%          5

Your spell library contained the following spells:

 Spells                   Type           Power      Damage    Failure   Level
 Arcjolt                  Conj/Air       22%        1d32      2%          5
 Static Discharge         Conj/Air       90%        2-6/arc   1%          2
 Necrotise                Necr           84%        1d8       2%          1
 Slow                     Hex            76%        N/A       2%          1
 Wereblood                Tmut           24%        N/A       2%          2
 Frozen Ramparts          Ice            38%        1d6       2%          3
 Cigotuvi's Dreadful Rot  Necr/Pois/Air  46%        N/A       3%          2
 Airstrike                Air            12%        2d(2-18)  5%          4
 Vampiric Draining        Necr           21%        2d7       7%          3
 Summon Lightning Spire   Summ/Air       24%        N/A       19%         4
 Petrify                  Tmut/Erth      22%        N/A       22%         4
 Agony                    Necr           21%        N/A       54%         5
 Metabolic Englaciation   Hex/Ice        9%         N/A       61%         5


Dungeon Overview and Level Annotations

Branches:
Dungeon (11/15)            Temple (1/1) D:5            Lair (0/5) D:9
    Orc (0/2) D:10        Ossuary (visited)

Altars:
Ashenzari
Cheibriados
Dithmenos
Elyvilon
Fedhas
Gozag
Hepliaklqana
Kikubaaqudgha
Makhleb
Nemelex Xobeh
Okawaru
Qazlal
Ru
Sif Muna
Trog
Uskayaw
Vehumet
Wu Jian
Xom
Yredelemnul
Zin
The Shining One

Shops:
D:3 =*   D:10 *


Message History

There is a stone staircase leading down here.
You climb downwards.
Found 19 gold pieces.
There is a stone staircase leading up here.
You now have 647 gold pieces (gained 19).
Found a short sword.
M - 3 scrolls labelled TOATUO UTULISA (gained 1)
A boulder beetle and a gargoyle come into view.
Found a slimy steel ring.
You start waiting.
A gargoyle is nearby!
The gargoyle hits you with a +0 flail!
Casting: Magic Dart (safe; 1% risk of failure)
Confirm with . or Enter, or press ? or * to list all spells.
You erupt in a fountain of uncontrolled magic!
The gargoyle is blasted with magical radiation.
You are very lightly contaminated with residual magic.
The gargoyle hurls a stone arrow at you.
The stone arrow hits you!
Casting: Irradiate (dangerous; 2% risk of failure)
Confirm with . or Enter, or press ? or * to list all spells.
You erupt in a fountain of uncontrolled magic!
The gargoyle is blasted with magical radiation.
The gargoyle is lightly damaged.
You are lightly contaminated with residual magic.
The gargoyle hits you with a +0 flail!! The gargoyle attacks as it pursues you!
The gargoyle hits you with a +0 flail.
* * * LOW HITPOINT WARNING * * *
The gargoyle attacks as it pursues you! The gargoyle barely misses you.
There is a stone staircase leading up here.
Casting: Irradiate (dangerous; 2% risk of failure)
Confirm with . or Enter, or press ? or * to list all spells.
You blink.
The gargoyle hurls a stone arrow at you.
The stone arrow hits you!
* * * LOW HITPOINT WARNING * * *
Found a stone staircase leading up.
The gargoyle hurls a stone arrow at you.
The stone arrow hits you!
You die...

#.##.# ........##..
.).# #...........
#.####....##....
##............#
##....##.......# .#.
#..##.##.......##....
#..##.##.............
#.<###...............
##.9.@...............
#....................
####..###.....^#.....
##.# #.........:..
#................
...##..........#.
....B........#.#
....< ...


You could see a gargoyle.

Vanquished Creatures
  2 two-headed ogres (D:10)
  Pikel (D:4)
  A hornet (D:9)
  Prince Ribbit (D:7)
  Sigmund (D:2)
  A vampire (D:9)
  16 yaks
  3 basilisks (D:9)
  2 wyverns
  A steam dragon (D:8)
  An acid dragon (D:9)
  4 water moccasins
  Duvessa (D:6)
  3 orc warriors
  A sky beast (D:8)
  An ice beast (D:7)
  2 black bears
  3 centaurs
  2 lemures (D:4)
  A phantom (D:5)
  2 kobold brigands
  A gnoll sergeant (D:5)
  5 bullfrogs
  5 scorpions
  2 water moccasin zombies (Ossuary)
  6 wights
  Dowan (D:6)
  3 killer bees (D:7)
  2 howler monkeys
  An electric eel (D:7)
  3 orc priests
  6 hounds
  Crazy Yiuf (D:6)
  3 jellies
  4 sleepcaps
  Terence (D:3)
  8 iguanas
  5 orc wizards
  A mummy (Ossuary)
  Robin (D:2)
  4 gnolls (D:5)
  6 adders
  8 river rats (D:5)
  A shadow imp (D:8)
  3 white imps
  An ufetubus (D:6)
  7 adder zombies (Ossuary)
  4 worms
  3 dart slugs
  22 orcs
  5 ball pythons
  5 endoplasms
  3 giant cockroaches
  2 gnoll zombies (Ossuary)
  17 goblins
  9 hobgoblins
  4 jackals (D:4)
  11 quokkas
  11 bats
  11 frilled lizards
  5 hobgoblin zombies (Ossuary)
  28 kobolds
  5 kobold zombies (Ossuary)
  An orc zombie (Ossuary)
  21 rats
306 creatures vanquished.

Vanquished Creatures (collateral kills)
  A water moccasin (D:8)
  A kobold brigand (D:8)
  3 water moccasin zombies (Ossuary)
  A hound (D:7)
  A mummy (Ossuary)
  A kobold (D:8)
8 creatures vanquished.

Grand Total: 314 creatures vanquished

Notes
Turn   | Place    | Note
-------+----------+-------------------------------------------
     0 | D:1      | pokeman the Deep Elf Hedge Wizard began the quest for the
                  | Orb.
     0 | D:1      | Reached XP level 1. HP: 10/10 MP: 7/7
   343 | D:1      | Reached XP level 2. HP: 15/15 MP: 2/9
   993 | D:2      | Noticed Sigmund
  1135 | D:2      | Reached skill level 5 in Spellcasting
  1284 | D:2      | Reached XP level 3. HP: 20/20 MP: 8/11
  1288 | D:2      | Learned a level 3 spell: Mephitic Cloud
  1291 | D:2      | Learned a level 2 spell: Call Imp
  1294 | D:2      | Learned a level 2 spell: Blink
  1517 | D:2      | Killed Sigmund
  1518 | D:2      | Reached skill level 1 in Fighting
  1518 | D:2      | Reached skill level 1 in Armour
  1518 | D:2      | Reached skill level 6 in Spellcasting
  1518 | D:2      | Reached XP level 4. HP: 24/26 MP: 1/14
  1518 | D:2      | Reached XP level 5. HP: 28/30 MP: 1/15
  1886 | D:2      | Noticed Robin
  1912 | D:2      | Killed Robin
  2593 | D:3      | Reached XP level 6. HP: 33/35 MP: 9/17
  2979 | D:3      | Found Degahi's Jewellery Emporium.
  2988 | D:3      | Found Zin's Purification Station.
  2991 | D:3      | Found a glowing silver altar of Zin.
  3068 | D:3      | Noticed Terence
  3082 | D:3      | Killed Terence
  3083 | D:3      | Reached skill level 7 in Spellcasting
  3439 | D:3      | Found a burning altar of Makhleb.
  3683 | D:3      | Found an ornate altar of the Wu Jian Council.
  3783 | D:4      | Reached skill level 1 in Shields
  3957 | D:4      | Learned a level 5 spell: Irradiate
  3979 | D:4      | Noticed Pikel
  3992 | D:4      | Killed Pikel
  3993 | D:4      | Reached skill level 8 in Spellcasting
  3993 | D:4      | Reached XP level 7. HP: 37/39 MP: 14/21
  4102 | D:4      | Found a sacrificial altar of Ru.
  4235 | D:4      | Reached XP level 8. HP: 44/44 MP: 17/22
  4303 | D:4      | Reached skill level 9 in Spellcasting
  4383 | D:4      | Found a sparkling altar of Nemelex Xobeh.
  4490 | D:4      | Reached skill level 1 in Poison Magic
  4713 | D:5      | Entered Level 5 of the Dungeon
  4748 | D:5      | Reached skill level 5 in Stealth
  4839 | D:5      | Reached skill level 1 in Air Magic
  4958 | D:5      | Reached skill level 5 in Conjurations
  4958 | D:5      | Reached skill level 1 in Transmutations
  5427 | D:5      | Found a staircase to the Ecumenical Temple.
  5438 | Temple   | Entered the Ecumenical Temple
  5455 | Temple   | Became a worshipper of Vehumet
  5496 | D:5      | Reached skill level 10 in Spellcasting
  5620 | D:5      | Identified the +1 ring mail of the Evil One {rF- rC+ Int+2}
  6084 | D:5      | Reached * piety under Vehumet
  6084 | D:5      | Offered knowledge of Shock by Vehumet.
  6437 | D:6      | Noticed Dowan
  6438 | D:6      | Noticed Duvessa
  6451 | D:6      | Killed Duvessa
  6452 | D:6      | Reached XP level 9. HP: 33/48 MP: 23/25
  6452 | D:6      | Killed Dowan
  6453 | D:6      | Reached skill level 11 in Spellcasting
  6656 | D:6      | Found a runed translucent door.
  6657 | D:6      | Noticed Crazy Yiuf
  7016 | D:6      | Found a shimmering altar of Xom.
  7049 | D:6      | Found an ancient bone altar of Kikubaaqudgha.
  7293 | D:6      | Killed Crazy Yiuf
  7722 | D:7      | Reached skill level 12 in Spellcasting
  7755 | D:7      | Noticed Prince Ribbit
  7767 | D:7      | Killed Prince Ribbit
  7855 | D:7      | Offered knowledge of Kiss of Death by Vehumet.
  7858 | D:7      | Reached ** piety under Vehumet
  7871 | D:7      | Reached skill level 13 in Spellcasting
  8234 | D:7      | Reached XP level 10. HP: 53/53 MP: 24/29
  8658 | D:8      | Found a sand-covered staircase.
  8663 | Ossuary  | Entered an ossuary
  8664 | Ossuary  | Upgraded the game from 0.31-a0-876-gfe8ebadbca to
                  | 0.31-a0-879-g1609e0ac53
  8833 | Ossuary  | Offered knowledge of Hailstorm by Vehumet.
  9030 | Ossuary  | Reached *** piety under Vehumet
  9671 | D:9      | Reached skill level 14 in Spellcasting
  9846 | D:9      | Offered knowledge of Flame Wave by Vehumet.
 10249 | D:9      | Reached skill level 15 in Spellcasting
 10460 | D:9      | Found a staircase to the Lair.
 10489 | D:9      | Reached **** piety under Vehumet
 10585 | D:9      | Reached XP level 11. HP: 48/60 MP: 27/32
 10939 | D:10     | Entered Level 10 of the Dungeon
 10940 | D:10     | Found Tusynap's Assorted Antiques.
 11073 | D:10     | Offered knowledge of Arcjolt by Vehumet.
 11124 | D:10     | Noticed a two-headed ogre
 11139 | D:10     | Killed a two-headed ogre
 11321 | D:10     | Found a hazy altar of Hepliaklqana.
 11322 | D:10     | Found a blossoming altar of Fedhas.
 11323 | D:10     | Found a broken altar of Ashenzari.
 11323 | D:10     | Found a shadowy altar of Dithmenos.
 11376 | D:10     | Reached skill level 16 in Spellcasting
 11414 | D:10     | Noticed a two-headed ogre
 11426 | D:10     | Killed a two-headed ogre
 11489 | D:10     | Found a staircase to the Orcish Mines.
 11617 | D:10     | Bought a scroll labelled OCOMUPLUGHA for 35 gold pieces
 11617 | D:10     | Bought a scroll labelled EMUAH ISOTT for 35 gold pieces
 11617 | D:10     | Bought a silvery potion for 31 gold pieces
 11617 | D:10     | Bought a scroll labelled EMUAH ISOTT for 35 gold pieces
 11817 | D:11     | Noticed a boulder beetle
 11843 | D:11     | Killed from afar by a gargoyle

Illustrated notes

Levels and vault maps discovered:
D:1:      arrival_zaba_pyramid, layout_loops_ring, minivault_19, st_stairs_2
D:2:      layout_basic, minmay_tromino_v4_a, uniq_robin, uniq_sigmund
D:3:      layout_loops_cross, zin_purify, nicolae_wu_jian_glorious_leap,
          lightli_temple_of_fire, serial_shops, shop, minmay_cupped,
          uniq_terence
D:4:      layout_rooms, nicolae_overflow_crystal_walls,
          mainiacjoe_overflow_boulevard, serial_corexii_hall,
          chequers_hall_statues_corner_a, corexii_hall_statues_u,
          corexii_hall_statues_l, chequers_hall_statues_y, uniq_pikel
D:5:      lemuel_ratsnest, layout_loops_ring, minmay_temple_entry_hall
D:6:      layout_cave_pods, nicolae_kikubaaqudgha_miasma_corner,
          kennysheep_mini_moat, uniq_duvessa, uniq_crazy_yiuf_cottage
D:7:      layout_rooms, serial_glass, glass_columns_c, glass_columns_a,
          glass_columns_c, glass_columns_a, kennysheep_opposing_triangles,
          uniq_prince_ribbit1
D:8:      layout_rooms, enter_ossuary_5, grunt_ministairs_9
D:9:      layout_roguey, minmay_lair_entry_grove
D:10:     layout_rooms, chequers_temple_overflow_statue_of_worship, orc_0_dummy,
          serial_shops, shop
D:11:     layout_layer_cave
Temple:   nicolae_temple_ecumenical_triangle

Skill      XL: |  1  2  3  4  5  6  7  8  9 10 11 |
---------------+----------------------------------+-----
Spellcasting   | 5 6 8 10 13 15 16 | 16.2
Fighting       | 1 2 3 4 |  4.0
Armour         | 1 2 3 |  3.5
Conjurations   | 2 3 4 5 7 9 |  9.6
Stealth        | 4 5 |  5.0
Dodging        | 3 |  3.1
Shields        | 1 3 4 |  4.0
Evocations     | 2 |  2.2
Poison Magic   | 1 |  1.0
Air Magic      | 1 |  1.0
Transmutations | 1 |  1.0
Summonings     | |  1.1
Necromancy     | |  0.4
Translocations | |  1.1

Action                     |  1- 3 |  4- 6 |  7- 9 | 10-12 || total
---------------------------+-------+-------+-------+-------++-------
  Melee: Dagger            |    12 |    54 |       |       ||    66
         Punch             |       |     2 |     4 |     1 ||     7
         Trident           |       |    23 |   216 |   160 ||   399
         Quarterstaff      |       |       |       |   146 ||   146
   Cast: Magic Dart        |    70 |   121 |   163 |    85 ||   439
         Mephitic Cloud    |     3 |    11 |    32 |    30 ||    76
         Call Imp          |       |       |     6 |     4 ||    10
         Blink             |       |       |     1 |     5 ||     6
         Irradiate         |       |       |     3 |    20 ||    23
   Stab: Confused          |       |     9 |    25 |    19 ||    53
         Sleeping          |       |       |     1 |     1 ||     2
         Distracted        |       |       |       |     1 ||     1
 Armour: Robe              |     5 |    33 |       |       ||    38
         Animal skin       |       |    37 |   120 |   215 ||   372
  Dodge: Dodged            |     6 |    76 |   128 |   181 ||   391

Table legend: (Time is in decaauts)
 A = Elapsed time spent in this place.
 B = Non-inter-level travel time spent in this place.
 C = Inter-level travel time spent in this place.
 D = Time resting spent in this place.
 E = Time spent auto-exploring this place.
 F = Levels seen in this place.
 G = Mean time per level.
                   A        B        C        D        E       F      G
               +--------+--------+--------+--------+--------+-----+--------+
         Total |  11992 |  11652 |    340 |    600 |   8584 |  13 |  922.5 |
       Dungeon |  11437 |  11113 |    324 |    539 |   8414 |  11 | 1039.7 |
        Temple |     34 |     18 |     16 |      0 |      0 |   1 |   34.0 |
       Ossuary |    520 |    520 |      0 |     61 |    170 |   1 |  520.0 |
               +--------+--------+--------+--------+--------+-----+--------+

Top non-repeatable levels by time:
     D:5: 1591 daAuts
     D:9: 1360 daAuts
     D:1: 1289 daAuts
     D:3: 1249 daAuts
     D:2: 1210 daAuts
     D:6: 1150 daAuts
     D:4: 965 daAuts
     D:7: 911 daAuts
     D:8: 854 daAuts
    D:10: 809 daAuts
 Ossuary: 520 daAuts
    D:11: 44 daAuts
  Temple: 34 daAuts
